 Dungeon Crawl Stone Soup version 0.23-a0-85-g22930c1 (console) character file.

3930 Ek the Magician (level 10, -6/71 HPs)
             Began as a Demonspawn Venom Mage on Aug 13, 2018.
             Was a Believer of Dithmenos.
             Mangled by Harold
             ... wielding a +0 war axe
              (19 damage)
             ... on level 8 of the Dungeon.
             The game lasted 00:27:50 (6934 turns).

Ek the Magician (Demonspawn Venom Mage)             Turns: 6934, Time: 00:27:51

Health: -6/71      AC:  6    Str: 14    XL:     10   Next: 1%
Magic:  11/34      EV: 14    Int: 23    God:    Dithmenos [**....]
Gold:   515        SH:  0    Dex: 13    Spells: 5/21 levels left

rFire    . . .     SeeInvis .   b - staff of power
rCold    . . .     Gourm    +   (no shield)
rNeg     . . .     Faith    .   j - +0 robe
rPois    .         Spirit   .   w - +1 helmet {Int+3}
rElec    .         Reflect  .   K - +0 cloak
rCorr    .         Harm     .   Z - +0 pair of gloves (curse)
MR       .....                  (no boots)
Stlth    +++.......             V - amulet of the gourmand
HPRegen  0.21/turn              F - ring of wizardry
MPRegen  0.24/turn              E - +3 ring of slaying

@: mighty, about to teleport, wreathed by umbra
A: talons 2, powered by death 1, powered by pain 2
a: Shadow Step, Renounce Religion


You were on level 8 of the Dungeon.
You worshipped Dithmenos.
Dithmenos was pleased with you.
You were very full.

You visited 2 branches of the dungeon, and saw 9 of its levels.

You collected 515 gold pieces.

Inventory:

Hand Weapons
 a - a +2 dagger of speed
 A - a +2 mace of crushing
 M - a +2 mace of protection
 N - a +2 short sword of venom
 Q - a +0 flail of protection
 Y - a +0 war axe of venom
Missiles
 e - 218 stones (quivered)
 f - 59 arrows
 h - 4 javelins
 n - 55 bolts
 v - 4 throwing nets
 I - 13 poisoned needles
 L - 42 sling bullets
 W - 17 tomahawks
Armour
 j - a +0 robe (worn)
 q - a +4 chain mail
 w - a +1 helmet of intelligence (worn)
 G - the +1 scale mail of Nemelex Xobeh's Scorn {rF+ Int+2}
   (You found it on level 4 of the Dungeon)

   It affects your intelligence (+2).
   It protects you from fire.
 K - a +0 cloak (worn)
 Z - a cursed +0 pair of gloves (worn)
Magical Staves
 b - an uncursed staff of power (weapon)
Jewellery
 d - an uncursed ring of protection from fire
 l - an uncursed amulet of guardian spirit
 o - a +2 ring of dexterity
 E - a +3 ring of slaying (right hand)
 F - a ring of wizardry (left hand)
 V - an amulet of the gourmand (around neck)
Wands
 B - a wand of disintegration (14)
 P - a wand of iceblast (8)
 R - a wand of enslavement (10)
 T - a wand of polymorph (13)
Scrolls
 k - 3 scrolls of remove curse
 m - 5 scrolls of teleportation
 r - a scroll of fog
 y - 5 scrolls of enchant armour
 z - a scroll of immolation
 C - a scroll of enchant weapon
 J - a scroll of magic mapping
 S - a scroll of amnesia
Potions
 g - 3 potions of flight
 i - a potion of brilliance
 p - 2 potions of degeneration {unknown}
 s - 4 potions of curing
 t - a potion of might {unknown}
 u - a potion of lignification {unknown}
 x - a potion of agility
 D - 2 potions of haste
 H - 2 potions of magic {unknown}
 O - a potion of cancellation {unknown}
Comestibles
 c - 12 rations
 X - a chunk of flesh


   Skills:
 + Level 3.8 Fighting
 + Level 4.3 Dodging
 - Level 3.0 Stealth
 - Level 6.0 Spellcasting
 - Level 1.0 Conjurations
 - Level 4.0 Hexes
 - Level 4.0 Summonings
 - Level 4.0 Air Magic
 - Level 6.0 Poison Magic
 + Level 4.1 Invocations
 + Level 5.2 Evocations


You had 5 spell levels left.
You knew the following spells:

 Your Spells              Type           Power        Failure   Level  Hunger
l - Summon Lightning Spi  Summ/Air       ####....     6%          4    ###....
m - Mephitic Cloud        Conj/Pois/Air  ###.....     2%          3    #......
v - Poisonous Vapours     Pois/Air       ####..       1%          2    None
G - Summon Guardian Gole  Hex/Summ       ####....     1%          3    #......
R - Olgreb's Toxic Radia  Pois           ####....     2%          4    ###....

Your spell library contained the following spells:

 Spells                   Type           Power        Failure   Level  Hunger
 Magic Dart               Conj           ##..         2%          1    None
 Confuse                  Hex            ####....     1%          3    #......
 Venom Bolt               Conj/Pois      ###.......   22%         5    #####..
 Summon Small Mammal      Summ           ####         1%          1    None
 Iskenderun's Mystic Bla  Conj           ##......     22%         4    ###....
 Summon Ice Beast         Ice/Summ       ###.....     16%         4    ###....
 Call Imp                 Summ           ####....     1%          2    None
 Sting                    Conj/Pois      ###.         1%          1    None
 Tukima's Dance           Hex            ####....     1%          3    #......
 Confusing Touch          Hex            ####..       1%          1    None
 Call Canine Familiar     Summ           ####....     1%          3    #......
 Ensorcelled Hibernation  Hex/Ice        ###...       2%          2    None
 Metabolic Englaciation   Hex/Ice        ###.......   38%         5    #####..
 Corona                   Hex            ####...      1%          1    None
 Petrify                  Tmut/Erth      #.......     32%         4    ###....
 Fulminant Prism          Conj/Hex       ###.......   12%         4    ###....
 Dazzling Spray           Conj/Hex       ###...       3%          3    #......
 Force Lance              Conj/Tloc      #.......     26%         4    ###....
 Searing Ray              Conj           ##....       3%          2    None
 Gell's Gravitas          Tloc           #.........   11%         3    #......
 Yara's Violent Unravell  Hex/Tmut       ###.......   38%         5    #####..


Dungeon Overview and Level Annotations

Branches:
Dungeon (8/15)             Temple (1/1) D:4
   Lair: D:8-11

Altars:
Ashenzari
Cheibriados
Dithmenos
Elyvilon
Fedhas
Gozag
Hepliaklqana
Kikubaaqudgha
Makhleb
Nemelex Xobeh
Okawaru
Qazlal
Ru
Sif Muna
Trog
Uskayaw
Vehumet
Wu Jian
Xom
Yredelemnul
Zin
The Shining One

Annotations:
D:8 Gastronok, Harold


Innate Abilities, Weirdness & Mutations

You have razor-sharp toenails.
You regenerate a little health from kills.
You sometimes gain power by taking damage.


Message History

Harold casts a spell at you. The harpoon shot hits you!
* * * LOW HITPOINT WARNING * * *
You are yanked forward by the harpoon shot.
Evoke which item? (* to show all) (? for menu, Esc to quit)
Aiming: Enslavement
Press: ? - help, Shift-Dir - straight line, f/p - Harold
Aim: Harold, wielding a war axe and wearing a ring mail (umbra, chance to defeat MR: 27%) Harold easily resists.
Harold hits you with a war axe!
* * * LOW HITPOINT WARNING * * *
Okay, then.
Unknown command.
You feel much better. Harold barely misses you.
As you read the scroll of teleportation, it crumbles to dust.
You feel strangely unstable. Harold hits you with a war axe!!
* * * LOW HITPOINT WARNING * * *
You focus on the pain.
You feel very mighty all of a sudden.
You feel better. Harold hits you with a war axe!!
You die...

# #.......#.....#...###
# #.##.#..####.##...# #
#.##.##.#.....#...# #
#######
#.......####.##...# #
#.....#
####.#####ยง'..#...#
###.....######
#....####..##...
.w..w........#
#.#.########
###.....####.###.@...<..
#.....#.......@#.##...
###.....##.###.#.# ..
###.####.# #.# . .
#......# #.# .. ########
#.. .. ### ###


You could see Harold.

Vanquished Creatures
  A two-headed ogre (D:7)
  Sigmund (D:2)
  Eustachio (D:4)
  Menkaure (D:4)
  Duvessa (D:5)
  2 orc warriors
  A hornet zombie (D:8)
  2 sky beasts
  2 ogres
  Blork the orc (D:4)
  3 bullfrogs
  2 scorpions (D:7)
  Dowan (D:5)
  A wyvern skeleton (D:7)
  9 killer bees
  2 howler monkeys (D:4)
  A jelly (D:5)
  6 orc priests
  A bullfrog skeleton (D:7)
  A hound (D:6)
  2 iguanas
  A gnoll shaman (D:4)
  5 orc wizards
  Terence (D:2)
  A worker ant (D:8)
  A hound zombie (D:5)
  2 hound skeletons
  Robin (D:3)
  A howler monkey skeleton (D:5)
  9 gnolls
  8 adders
  2 shadow imps
  5 oozes
  5 worms
  4 leopard geckos
  19 orcs
  5 giant cockroaches
  10 hobgoblins
  10 jackals
  13 kobolds
  A quokka (D:3)
  5 bats
  9 frilled lizards
  11 goblins
  7 rats
178 creatures vanquished.

Vanquished Creatures (collateral kills)
  A spriggan (D:8)
  An ice beast (D:5)
  A centaur (D:7)
  A worker ant (D:6)
  A shadow imp (D:6)
5 creatures vanquished.

Grand Total: 183 creatures vanquished

Notes
Turn   | Place    | Note
-------+----------+-------------------------------------------
     0 | D:1      | Ek the Demonspawn Venom Mage began the quest for the Orb.
     0 | D:1      | Reached XP level 1. HP: 13/13 MP: 3/3
   411 | D:1      | Gained mutation: You sometimes gain a little power by taking damage. [demonic ancestry]
   411 | D:1      | Reached XP level 2. HP: 19/19 MP: 1/5
   601 | D:1      | Learned a level 2 spell: Poisonous Vapours
  1111 | D:2      | Reached XP level 3. HP: 24/24 MP: 0/7
  1393 | D:2      | Found a faded altar of an unknown god.
  1589 | D:2      | Noticed Sigmund
  1647 | D:2      | Killed Sigmund
  1647 | D:2      | Reached skill level 5 in Spellcasting
  1647 | D:2      | Reached XP level 4. HP: 30/30 MP: 6/11
  1647 | D:2      | Gained mutation: You have sharp toenails. [demonic ancestry]
  1647 | D:2      | Reached XP level 5. HP: 35/35 MP: 7/13
  1652 | D:2      | Learned a level 3 spell: Mephitic Cloud
  1657 | D:2      | Learned a level 4 spell: Olgreb's Toxic Radiance
  2038 | D:3      | Noticed Robin
  2040 | D:3      | Reached XP level 6. HP: 28/41 MP: 3/14
  2179 | D:3      | Killed Robin
  2242 | D:3      | Noticed Terence
  2275 | D:2      | Killed Terence
  2513 | D:3      | Noticed an orc warrior
  2540 | D:3      | Killed an orc warrior
  2604 | D:3      | Found a glowing silver altar of Zin.
  2900 | D:4      | Noticed Eustachio
  2913 | D:4      | Killed Eustachio
  2913 | D:4      | Reached skill level 5 in Poison Magic
  2913 | D:4      | Gained mutation: You have razor-sharp toenails. [demonic ancestry]
  2913 | D:4      | Reached XP level 7. HP: 46/46 MP: 8/16
  2961 | D:4      | Found a staircase to the Ecumenical Temple.
  2969 | Temple   | Entered the Ecumenical Temple
  3071 | Temple   | Became a worshipper of Dithmenos the Shadowed
  3314 | D:4      | Noticed Menkaure
  3368 | D:4      | Reached skill level 1 in Evocations
  3454 | D:4      | Noticed Blork the orc
  3461 | D:4      | Killed Blork the orc
  3517 | D:4      | Got a faintly glowing scale mail
  3528 | D:4      | Identified the +1 scale mail of Nemelex Xobeh's Scorn {rF+ Int+2} (You found it on level 4 of the Dungeon)
  3895 | D:4      | Killed Menkaure
  3895 | D:4      | Reached skill level 1 in Fighting
  3895 | D:4      | Gained mutation: You sometimes gain power by taking damage. [demonic ancestry]
  3895 | D:4      | Reached XP level 8. HP: 54/54 MP: 17/17
  3908 | D:5      | Entered Level 5 of the Dungeon
  3959 | D:5      | Learned a level 4 spell: Summon Lightning Spire
  4255 | D:5      | Reached * piety under Dithmenos
  4283 | D:5      | Learned a level 3 spell: Summon Guardian Golem
  4292 | D:5      | Noticed Duvessa
  4292 | D:5      | Noticed Dowan
  4300 | D:5      | Killed Duvessa
  4300 | D:5      | Reached skill level 1 in Summonings
  4300 | D:5      | Reached skill level 1 in Air Magic
  4301 | D:5      | Killed Dowan
  5119 | D:6      | Reached skill level 1 in Hexes
  5370 | D:6      | Found a snail-covered altar of Cheibriados.
  5370 | D:6      | Found a blossoming altar of Fedhas.
  5520 | D:7      | Found a hide-covered altar of Uskayaw.
  5775 | D:7      | Reached XP level 9. HP: 58/61 MP: 11/18
  5885 | D:7      | Found an iron altar of Okawaru.
  5974 | D:7      | Reached ** piety under Dithmenos
  5985 | D:7      | Reached skill level 1 in Invocations
  6243 | D:7      | Found a radiant altar of Vehumet.
  6291 | D:8      | Noticed a two-headed ogre
  6333 | D:7      | Killed a two-headed ogre
  6505 | D:8      | Noticed Harold
  6645 | D:8      | Reached skill level 5 in Evocations
  6809 | D:8      | Gained mutation: You regenerate a little health from kills. [demonic ancestry]
  6809 | D:8      | Reached XP level 10. HP: 71/71 MP: 9/19
  6893 | D:8      | Noticed Gastronok
  6933 | D:8      | HP: 2/71 [Harold/war axe (25)]
  6934 | D:8      | Mangled by Harold

Vault maps used:
D:1:      scummos_arrival_hexagon, minmay_pentomino_o2
D:2:      chequers_ecumenical_altar_twisty, small_statue_intersection,
          uniq_sigmund
D:3:      lemuel_doored_altar, serial_glass, glass_columns_b, glass_columns_b,
          glass_columns_c, glass_columns_b, glass_columns_a, glass_columns_a,
          uniq_terence, uniq_robin
D:4:      minmay_temple_entry_junction, first_ration, uniq_eustachio,
          uniq_menkaure, uniq_blork_the_orc
D:5:      uniq_duvessa
D:6:      gammafunk_temple_overflow_wave
D:7:      lemuel_crystal_altar, lemuel_coloured_pillars_altar,
          kennysheep_mini_moat, minmay_misc_feat_pillars
D:8:      basic_altar, grunt_pizzeria, uniq_gastronok, uniq_harold
Temple:   compressed_dpeg_circular_temple

Skill      XL: |  1  2  3  4  5  6  7  8  9 |
---------------+----------------------------+-----
Spellcasting   | 3 5 6 |  6.0
Stealth        | 2 3 |  3.0
Poison Magic   | 5 6 |  6.0
Dodging        | 2 3 4 |  4.3
Evocations     | 3 4 5 |  5.2
Fighting       | 1 2 3 |  3.8
Summonings     | 3 4 |  4.0
Air Magic      | 3 4 |  4.0
Hexes          | 1 4 |  4.0
Invocations    | 4 |  4.1
Conjurations   | |  1.0

Action                   |  1- 3 |  4- 6 |  7- 9 | 10-12 || total
-------------------------+-------+-------+-------+-------++-------
Melee: Unarmed           |     4 |       |       |       ||     4
       Dagger            |       |    19 |   146 |     4 ||   169
       Kick              |       |     3 |    43 |       ||    46
       Short sword       |       |       |     4 |       ||     4
 Fire: Hunting sling     |    42 |     3 |       |       ||    45
 Cast: Sting             |    22 |       |       |       ||    22
       Poisonous Vapours |    26 |    26 |    65 |     6 ||   123
       Olgreb's Toxic Ra |       |     6 |    34 |     4 ||    44
       Summon Lightning  |       |       |     7 |       ||     7
       Mephitic Cloud    |       |       |     4 |       ||     4
       Summon Guardian G |       |       |     1 |       ||     1
Evoke: Wand              |       |       |     2 |     2 ||     4
  Use: Scroll            |       |     8 |     9 |     1 ||    18
       Potion            |       |       |       |     2 ||     2
 Stab: Sleeping          |       |     1 |     7 |       ||     8
  Eat: Chunk             |     3 |     5 |    26 |     3 ||    37
Armor: Robe              |     6 |    10 |     5 |     1 ||    22
       Skin              |       |       |     9 |       ||     9
Dodge: Dodged            |    17 |    37 |   119 |     3 ||   176

Table legend:
 A = Non-vault XP
 B = Vault XP
 C = Vault XP percentage of total XP
 D = Non-vault monster count
 E = Vault monster count
 F = Vault count percentage of total count
 G = Total turns spent on level
                 A         B        C        D         E       F
            +---------+---------+-------+---------+---------+-------
      Total |    4408 |    1207 |  21.5 |     162 |      21 |  11.5
            +---------+---------+-------+---------+---------+-------
        D:1 |      32 |       1 |   3.0 |      21 |       1 |   4.5
        D:2 |      66 |     270 |  80.4 |      22 |       2 |   8.3
        D:3 |     310 |      36 |  10.4 |      24 |      12 |  33.3
        D:4 |     451 |     479 |  51.5 |      18 |       3 |  14.3
        D:5 |     362 |     222 |  38.0 |      22 |       2 |   8.3
        D:6 |     350 |       0 |   0.0 |      13 |       0 |   0.0
        D:7 |    2050 |       0 |   0.0 |      29 |       0 |   0.0
        D:8 |     787 |     199 |  20.2 |      13 |       1 |   7.1
            +---------+---------+-------+---------+---------+-------
